 Dungeon Crawl Stone Soup version 0.31-a0-986-g5e6e4ef867 (webtiles) character file.

Game seed: 2165124163081670518

310 Fodor the Chopper (level 6, 0/53 HPs)
             Began as a Minotaur Fighter on Nov 14, 2023.
             Succumbed to a gnoll's poison
             ... on level 4 of the Dungeon on Nov 15, 2023.
             The game lasted 00:13:39 (2469 turns).

Fodor the Chopper (Minotaur Fighter)                Turns: 2469, Time: 00:13:40

Health: 0/53       AC: 13    Str: 23    XL:     6   Next: 17%
Magic:  5/5        EV: 10    Int:  5    God:
Gold:   208        SH:  4    Dex:  9    Spells: 5/5 levels left

rFire   . . .        a - +0 war axe
rCold   . . .        c - +0 buckler
rNeg    . . .        b - +0 scale mail
rPois   .            (helmet restricted)
rElec   .            u - +0 cloak
rCorr   .            r - +0 pair of gloves
SInv    .            (no boots)
Will    .....        (no amulet) Stlth
                     j - +4 ring of protection
HPRegen 0.28/turn    (no ring)
MPRegen 0.09/turn

%: no passive effects
@: lethally poisoned (0 -> -4)
A: horns 2, retaliatory headbutt
a: no special abilities


You were on level 4 of the Dungeon.
You visited 1 branch of the dungeon, and saw 4 of its levels.

You collected 208 gold pieces.

Inventory:

Hand Weapons
 a - a +0 war axe (weapon)
Armour
 b - a +0 scale mail (worn)
 c - a +0 buckler (worn)
 r - a +0 pair of gloves (worn)
 u - a +0 cloak (worn)
Jewellery
 j - a +4 ring of protection (left hand)
 o - a ring of magical power
Talismans
 h - a storm talisman
Scrolls
 e - 2 scrolls of immolation {unknown}
 f - 2 scrolls of brand weapon {unknown}
 g - 4 scrolls of teleportation {unknown}
 i - a scroll of amnesia {unknown}
 k - 3 scrolls of identify {unknown}
 l - a scroll of fear {unknown}
 n - a scroll of enchant armour {unknown}
 p - 2 scrolls of torment {unknown}
 s - a scroll of poison {unknown}
 t - a scroll of fog {unknown}
 v - a scroll of acquirement {unknown}
Potions
 d - a potion of might
 m - a potion of degeneration {unknown}


   Skills:
 + Level 4.6 Fighting
 + Level 5.6 Axes
 + Level 4.9 Armour
 + Level 1.7 Dodging
 + Level 4.2 Shields


You had 5 spell levels left.
You didn't know any spells.
Your spell library contained the following spells:

 Spells                   Type           Power      Damage    Failure   Level
 Poisonous Vapours        Pois/Air       0%         N/A       93%         2
 Mephitic Cloud           Conj/Pois/Air  0%         N/A       99%         3
 Freezing Cloud           Conj/Ice/Air   0%         6-21      100%        5


Dungeon Overview and Level Annotations

Branches:
Dungeon (4/15)
 Temple: D:4-7

Altars:
Dithmenos
Hepliaklqana
Zin


Innate Abilities, Weirdness & Mutations

You have a pair of horns on your head.
You reflexively headbutt those who attack you in melee.


Message History

The adder closely misses you. The gnoll hits you but does no damage.
The gnoll barely misses you. x3; You block the iguana's attack.
The adder bites you but does no damage.
You barely miss the iguana. Your headbutt misses the iguana.
The iguana is heavily wounded.
You barely miss the gnoll. You hit the gnoll.
You kill the gnoll!
You closely miss the adder. The adder bites you but does no damage.
You block the iguana's attack. The gnoll closely misses you. x2
The gnoll misses you.
You have reached level 6!
You barely miss the iguana. Your headbutt misses the iguana.
The iguana is heavily wounded.
You miss the adder. You closely miss the gnoll.
The adder bites you but does no damage. The gnoll hits you but does no damage.
You are poisoned.
The gnoll hits you but does no damage.
The iguana bites you but does no damage.
The gnoll barely misses you. The adder bites you but does no damage.
You closely miss the iguana.
The iguana is heavily wounded.
You hit the gnoll. You slash the adder!
You kill the adder!
You feel very sick. The gnoll closely misses you.
The gnoll hits you with a +0 club.
The gnoll hits you from afar with a +0 halberd!
* * * LOW HITPOINT WARNING * * *
You block the iguana's attack. The iguana barely misses you.
You furiously retaliate!
You headbutt the iguana. The gnoll barely misses you.
The gnoll hits you but does no damage. The gnoll hits you with a +0 club.
* * * LOW HITPOINT WARNING * * *
You feel sick. The iguana barely misses you. You furiously retaliate!
You headbutt the iguana!
You kill the iguana!
The gnoll attacks as it pursues you! The gnoll hits you but does no damage.
The gnoll attacks as it pursues you! The gnoll barely misses you.
You feel sick. The gnoll attacks as it pursues you!
The gnoll hits you from afar with a +0 halberd!
* * * LOW HITPOINT WARNING * * *
You die...

...##....##. ..##..
#.#..##.#..##.#..#
.##..# #..#.##..#
.###.# #......S#
..##.#####.....)†###
#..#>..(.......gg..#
##....####......g#.#
....### #.......# ..
.##.# #......@# ...
....#
#.###.#....####
##### #.#.....####
#.#.#.### #.#.#.# .
s . .. ..


You could see a scorpion (wandering), 3 gnolls and a ball python.

Vanquished Creatures
  A phantom (D:3)
  A scorpion (D:4)
  An iguana (D:4)
  A sleepcap (D:4)
  A gnoll (D:4)
  3 adders
  A worm (D:3)
  4 orcs (D:4)
  4 endoplasms
  6 giant cockroaches
  8 goblins
  7 hobgoblins
  3 jackals (D:2)
  6 kobolds
  4 quokkas
  4 ball pythons
  11 bats
  2 frilled lizards
  8 rats
76 creatures vanquished.

Notes
Turn   | Place    | Note
-------+----------+-------------------------------------------
     0 | D:1      | Fodor the Minotaur Fighter began the quest for the Orb.
     0 | D:1      | Reached XP level 1. HP: 19/19 MP: 0/0
   227 | D:1      | Reached XP level 2. HP: 27/27 MP: 1/1
   859 | D:2      | Reached XP level 3. HP: 28/33 MP: 2/2
   895 | D:2      | Reached skill level 3 in Axes
  1430 | D:3      | Reached skill level 1 in Dodging
  1483 | D:3      | Found a glowing silver altar of Zin.
  1522 | D:3      | Noticed a phantom
  1544 | D:3      | Killed a phantom
  1545 | D:3      | Reached skill level 4 in Axes
  1545 | D:3      | Reached XP level 4. HP: 34/41 MP: 3/3
  1545 | D:3      | Reached XP level 5. HP: 39/47 MP: 4/4
  1681 | D:3      | Found a faded altar of an unknown god.
  1681 | D:3      | Found a hazy altar of Hepliaklqana.
  1682 | D:3      | Found a faded altar of an unknown god.
  2028 | D:3      | Found a shadowy altar of Dithmenos.
  2289 | D:4      | Reached skill level 5 in Axes
  2465 | D:4      | Reached XP level 6. HP: 32/53 MP: 5/5
  2468 | D:4      | HP: 1/53 [gnoll/+0 halberd (7)]
  2469 | D:4      | Succumbed to a gnoll's poison

Illustrated notes

Levels and vault maps discovered:
D:1:      grunt_arrival_crossed_arrows, layout_basic
D:2:      layout_loops_ring
D:3:      layout_basic, mainiacjoe_overflow_alcove_4,
          nicolae_hepliaklqana_ecumenical_no_more, zin_treasury
D:4:      layout_rooms, kennysheep_mini, tgw_xom, nicolae_eternal_life

Skill      XL: |  1  2  3  4  5 |
---------------+----------------+-----
Armour         | 4 |  4.9
Fighting       | 4 |  4.6
Axes           | 4 5 |  5.6
Dodging        | 1 |  1.7
Shields        | 4 |  4.2

Action                     |  1- 3 |  4- 6 || total
---------------------------+-------+-------++-------
  Melee: War axe           |   108 |    51 ||   159
         Headbutt          |    17 |     6 ||    23
    Use: Potion            |       |     2 ||     2
 Armour: Scale mail        |    92 |    63 ||   155
  Dodge: Dodged            |    65 |    43 ||   108
  Block: Buckler           |    31 |    14 ||    45

Table legend: (Time is in decaauts)
 A = Elapsed time spent in this place.
 B = Non-inter-level travel time spent in this place.
 C = Inter-level travel time spent in this place.
 D = Time resting spent in this place.
 E = Time spent auto-exploring this place.
 F = Levels seen in this place.
 G = Mean time per level.
                   A        B        C        D        E       F      G
               +--------+--------+--------+--------+--------+-----+--------+
         Total |   2523 |   2398 |    125 |      0 |      0 |   4 |  630.8 |
       Dungeon |   2523 |   2398 |    125 |      0 |      0 |   4 |  630.8 |
               +--------+--------+--------+--------+--------+-----+--------+

Top non-repeatable levels by time:
     D:3: 985 daAuts
     D:2: 758 daAuts
     D:1: 587 daAuts
     D:4: 192 daAuts
